 Dungeon Crawl Stone Soup version 0.26-a0-317-ge2f3d4a7ca (webtiles) character file.

Game seed: 3972493569152467304

182 ANON1729 the Conjurer (level 5, -2/38 HPs)
             Began as a Draconian Conjurer on July 16, 2020.
             Slain by a goblin (3 damage)
             ... on level 3 of the Dungeon.
             The game lasted 00:05:40 (2189 turns).

ANON1729 the Conjurer (Draconian Conjurer)          Turns: 2189, Time: 00:05:41

Health: -2/38      AC:  7    Str: 10    XL:     5   Next: 35%
Magic:  2/9        EV: 12    Int: 19    God:
Gold:   142        SH:  0    Dex:  9    Spells: 4/10 levels left

rFire    . . .     SeeInvis .   i - +0 dagger (elec)
rCold    . . .     Faith    .   (no shield)
rNeg     . . .     Spirit   .   (armour unavailable)
rPois    .         Reflect  .   (helmet restricted)
rElec    .         Harm     .   e - +1 cloak
rCorr    .                      (no gloves)
MR       .....                  (no boots)
Stlth    ++........             (no amulet)
HPRegen  0.12/turn              (no ring)
MPRegen  0.11/turn              (no ring)

@: lethally poisoned (-2 -> -21), very slightly contaminated
A: unfitting armour, cold-blooded, AC +5
a: no special abilities


You were on level 3 of the Dungeon.
You visited 1 branch of the dungeon, and saw 3 of its levels.

You collected 142 gold pieces.

Inventory:

Hand Weapons
 i - a +0 dagger of electrocution (weapon)
Armour
 e - a +1 cloak (worn)
Scrolls
 c - 3 scrolls of teleportation {unknown}
 d - 3 scrolls of identify {unknown}
 f - a scroll of blinking {unknown}
 g - a scroll of fear {unknown}
 k - 3 scrolls of enchant weapon {unknown}
 m - 2 scrolls of remove curse {unknown}
 n - a scroll of enchant armour {unknown}
Potions
 a - a potion of cancellation {unknown}
 b - a potion of degeneration {unknown}
 h - a potion of might {unknown}
 j - a potion of lignification {unknown}
 l - a potion of invisibility {unknown}
 o - a potion of haste {unknown}


   Skills:
 + Level 2.6 Dodging
 + Level 2.6 Stealth
 * Level 3.1 Spellcasting
 * Level 5.0 Conjurations
 + Level 1.2 Hexes


You had 4 spell levels left.
You knew the following spells:

 Your Spells              Type           Power        Failure   Level
a - Magic Dart            Conj           ###.         1%          1
b - Searing Ray           Conj           ###...       3%          2
c - Dazzling Flash        Conj/Hex       ##....       13%         3

Your spell library contained the following spells:

 Spells                   Type           Power        Failure   Level
 Fulminant Prism          Conj/Hex       ##........   38%         4
 Iskenderun's Mystic Bla  Conj/Tloc      ##......     47%         4


Dungeon Overview and Level Annotations

Branches:
Dungeon (3/15)

Altars:


Innate Abilities, Weirdness & Mutations

Your plain brown scales are hard. (AC +5)
You cannot fit into any form of body armour.
You are cold-blooded and may be slowed by cold attacks.


Message History

Casting: Magic Dart (safe; 1% risk of failure)
Confirm with . or Enter, or press ? or * to list all spells.
Aiming: Magic Dart (safe; 1% risk of failure)
Press: ? - help, Shift-Dir - straight line, f - goblin
Aim: a goblin The magic dart hits the goblin.
The goblin is moderately wounded.
* * * LOW HITPOINT WARNING * * *
You feel sick. The goblin hits you.
* * * LOW HITPOINT WARNING * * *
Casting: Magic Dart (safe; 1% risk of failure)
Confirm with . or Enter, or press ? or * to list all spells.
Aiming: Magic Dart (safe; 1% risk of failure)
Press: ? - help, Shift-Dir - straight line, f/p - goblin
Aim: a goblin (moderately wounded)
The magic dart hits the goblin.
The goblin is heavily wounded.
* * * LOW HITPOINT WARNING * * *
You feel sick. The goblin hits you.
You die...

#. .# #.###.# #.#...#####.
#####...........
................
#.#.........#
#.#.#####...#
#.#.#####...#.[.
##########.#.<..@g........
#........#.###<####....#..
#........#.# #.# .......
#........#.# #.# .......
#........#.###.####..###..
#....................# ..
#........#..##.####.##
#................
...............###


You could see a goblin.

Vanquished Creatures
  An orc wizard (D:3)
  An orc priest (D:3)
  Terence (D:2)
  3 adders
  2 dart slugs (D:2)
  3 orcs
  3 giant cockroaches (D:2)
  15 goblins
  9 hobgoblins
  3 quokkas (D:2)
  A ball python (D:2)
  4 bats
  4 frilled lizards
  5 kobolds
  6 rats
61 creatures vanquished.

Notes
Turn   | Place    | Note
-------+----------+-------------------------------------------
     0 | D:1      | ANON1729 the Draconian Conjurer began the quest for the
                  | Orb.
     0 | D:1      | Reached XP level 1. HP: 14/14 MP: 3/3
   383 | D:1      | Reached XP level 2. HP: 20/20 MP: 0/5
  1066 | D:1      | Reached XP level 3. HP: 26/26 MP: 2/6
  1070 | D:1      | Learned a level 2 spell: Searing Ray
  1074 | D:1      | Learned a level 3 spell: Dazzling Flash
  1124 | D:2      | Noticed Terence
  1140 | D:2      | Killed Terence
  1415 | D:2      | Reached XP level 4. HP: 33/33 MP: 0/8
  1857 | D:3      | Reached skill level 1 in Hexes
  1857 | D:3      | Reached XP level 5. HP: 32/38 MP: 9/9
  2185 | D:3      | Reached skill level 5 in Conjurations
  2189 | D:3      | HP: 1/38 [poisoned by a kobold]
  2189 | D:3      | Slain by a goblin

Illustrated notes

Levels and vault maps discovered:
D:1:      tarquinn_simple_flora_water_a, layout_loops_ring, roderic_lattice_a
D:2:      cheibrodos_greedy_goblins, layout_rooms, supply_closet_lemuel,
          minivault_25, minmay_circle_x, uniq_terence
D:3:      layout_basic, gammafunk_ghost_gnarly_gnolls

Skill      XL: |  1  2  3  4  5 |
---------------+----------------+-----
Stealth        | 2 |  2.6
Dodging        | 2 |  2.6
Spellcasting   | 3 |  3.1
Hexes          | 1 |  1.2
Conjurations   | 5 |  5.0

Action                   |  1- 3 |  4- 6 || total
-------------------------+-------+-------++-------
Melee: Unarmed           |    75 |       ||    75
       Tailslap          |    17 |     7 ||    24
       Dagger            |    64 |   111 ||   175
 Cast: Magic Dart        |    30 |     7 ||    37
 Stab: Sleeping          |     3 |     1 ||     4
Armor: Skin              |    34 |    45 ||    79
Dodge: Dodged            |    44 |   104 ||   148

Table legend:
 A = Non-vault XP
 B = Vault XP
 C = Vault XP percentage of total XP
 D = Non-vault monster count
 E = Vault monster count
 F = Vault count percentage of total count
                 A         B        C        D         E       F
            +---------+---------+-------+---------+---------+-------
      Total |     198 |      63 |  24.1 |      44 |      17 |  27.9
            +---------+---------+-------+---------+---------+-------
        D:1 |      39 |       0 |   0.0 |      17 |       0 |   0.0
        D:2 |      57 |      63 |  52.5 |      22 |      17 |  43.6
        D:3 |     102 |       0 |   0.0 |       5 |       0 |   0.0
            +---------+---------+-------+---------+---------+-------
